 Dungeon Crawl Stone Soup version 0.31-a0-675-g238779eb0a (webtiles) character file.

Game seed: 2404275370877925541

72 Xavori the Cutter (level 4, -5/31 HPs)
             Began as an Octopode Chaos Knight on Sept 6, 2023.
             Was a Plaything of Xom.
             Slain by a moth of wrath (shapeshifter) (20 damage)
             ... on level 3 of the Dungeon.
             The game lasted 00:01:28 (6578 turns).

Xavori the Cutter (Octopode Chaos Knight)           Turns: 6578, Time: 00:01:29

Health: -5/31      AC:  3    Str: 13    XL:     4   Next: 26%
Magic:  4/4        EV: 11    Int: 16    God:    Xom [..*...]
Gold:   262        SH:  7    Dex: 15    Spells: 3/3 levels left

rFire   . . .        a - +0 short sword (chaos)
rCold   . . .        h - +0 kite shield
rNeg    . . .        (helmet restricted)
rPois   .            (no amulet)
rElec   .            (no ring)
rCorr   .            (no ring)
SInv    .            (no ring)
Will    .....        (no ring)
Stlth   +++          (no ring)
HPRegen 0.25/turn    (no ring)
MPRegen 0.09/turn    (no ring)
                     (no ring)

%: no passive effects
@: no status effects
A: almost no armour, amphibious, 8 rings, camouflage 1, gelatinous body 1,
(nimble swimmer 1), tentacles, tentacle spike 1, iridescent scales 1, agile 1,
clever 1, strong 1, no potion heal 1, inability to drink after injury 1, noise
suppression
a: Renounce Religion


You were on level 3 of the Dungeon.
You worshipped Xom.
You were a toy of Xom.
You visited 1 branch of the dungeon, and saw 3 of its levels.

You collected 262 gold pieces.

Inventory:

Hand Weapons
 a - a +0 short sword of chaos (weapon)
Armour
 h - a +0 kite shield (worn)
Jewellery
 f - an amulet of magic regeneration
Talismans
 e - a flux talisman
Scrolls
 b - a scroll of butterflies
 d - a scroll of torment {unknown}
 j - a scroll of teleportation {unknown}
 k - a scroll of fear {unknown}
 l - a scroll of fog {unknown}
Potions
 c - a potion of degeneration {unknown}
 i - 2 potions of curing


   Skills:
 + Level 3.4 Fighting
 + Level 3.8 Short Blades
 + Level 2.6 Dodging
 + Level 2.9 Stealth


You had 3 spell levels left.
You didn't know any spells.
Your spell library was empty.

Dungeon Overview and Level Annotations

Branches:
Dungeon (3/15)

Altars:


Innate Abilities, Weirdness & Mutations

You cannot wear most types of armour.
You are amphibious.
You can wear up to eight rings at the same time.
Your skin changes colour to match your surroundings (Stealth+).
Your rubbery body absorbs attacks. (AC +1, EV +1)
((You are camouflaged when in or above water. (Stealth+)))
You have tentacles for arms and can constrict up to eight enemies at once.
One of your tentacles bears a spike.
You are partially covered in iridescent scales. (AC +2)
You are agile. (Dex +4, Str/Int -1)
Your mind is acute. (Int +4, Str/Dex -1)
Your muscles are strong. (Str +4, Int/Dex -1)
Potions are less effective at restoring your health.
You occasionally lose the ability to drink potions when taking damage.
You passively dampen the noise of your surroundings.


Message History

The yaktaur is moderately wounded.
Unknown command.
You closely miss the yaktaur. You squeeze the yaktaur.
The yaktaur is moderately wounded.
The hobgoblin closely misses you. You block the yaktaur's attack.
You hit the yaktaur but do no damage.
The yaktaur is moderately wounded.
The hobgoblin closely misses you. The yaktaur hits you!
The yaktaur is very cold.
The yaktaur is heavily wounded.
Unknown command.
You are too injured to fight recklessly!
It was a potion of curing.
Your system partially rejects the healing.
You feel better. You block the hobgoblin's attack.
The yaktaur closely misses you.
Okay, then.
Okay, then.
It was a potion of mutation.
You feel extremely strange.
Your magical essence no longer links to wands of the dungeon.
Your skin warms up.
You feel stupid.
One of your lower tentacles grows a sharp spike.
You occasionally lose the ability to drink potions when taking damage.
Iridescent scales grow over part of your body.
You feel clever.
Xom guffaws.
You block the hobgoblin's attack. The yaktaur hits you.
Unknown command.
You hit the yaktaur but do no damage.
Your tentacle spike misses the yaktaur.
Your squeeze misses the yaktaur.
The yaktaur is heavily wounded.
The yaktaur changes into a moth of wrath!
You block the hobgoblin's attack.
Your rat barely misses the hobgoblin.
You hit the moth of wrath. Your grab misses the moth of wrath.
Your squeeze misses the moth of wrath.
The moth of wrath is heavily wounded.
The moth of wrath bites you!!
Ouch! That really hurt!
You die...
Xom cackles wildly!

####### ##..r..##
##....g..##
#....y@...#
#.........###########
#)........##........#
#......(..##........#
#...................#
##......[###........#
#............####...#
#.........##.#
###.###
#.........##.# #..#.


You could see a moth of wrath shaped shifter, a hobgoblin (ally target) and a
friendly rat (summoned).

Vanquished Creatures
  A gnoll (D:1)
  3 adders
  A worm (D:2)
  A bat (D:1)
  4 endoplasms
  2 giant cockroaches
  7 goblins
  2 hobgoblins
  A quokka (D:1)
  4 ball pythons
  2 frilled lizards
  A kobold (D:1)
  5 rats
34 creatures vanquished.

Notes
Turn   | Place    | Note
-------+----------+-------------------------------------------
     0 | D:1      | Xavori the Octopode Chaos Knight began the quest for the
                  | Orb.
     0 | D:1      | Reached XP level 1. HP: 16/16 MP: 1/1
   222 | D:1      | Reached XP level 2. HP: 21/21 MP: 2/2
   514 | D:1      | Reached XP level 3. HP: 26/26 MP: 3/3
   785 | D:1      | XOM: silly message
   882 | D:1      | XOM: god gift: 34 gold pieces
  2139 | D:1      | XOM: stat loss: -1 Str (10/11)
  2743 | D:1      | XOM: give mutations
  2743 | D:1      | Gained mutation: You expend magic power (3 MP) to
                  | strengthen your wands. [Xom's mischief]
  2743 | D:1      | Gained mutation: Potions are less effective at restoring
                  | your health. [Xom's mischief]
  2966 | D:1      | XOM is BORED!
  3007 | D:1      | XOM: noise
  3095 | D:1      | XOM: god gift: 13 gold pieces
  3195 | D:1      | XOM: give mutations
  3195 | D:1      | Gained mutation: Your mind is acute. (Int +4, Str/Dex -1)
                  | [Xom's grace]
  3195 | D:1      | Gained mutation: A frigid envelope surrounds you and
                  | freezes all who hurt you. [Xom's grace]
  3635 | D:1      | XOM: divination: magic mapping
  3682 | D:1      | XOM: noise
  4736 | D:1      | XOM: noise
  5058 | D:1      | XOM: give mutations
  5058 | D:1      | Gained mutation: You are agile. (Dex +4, Str/Int -1) [Xom's
                  | mischief]
  5058 | D:1      | Gained mutation: Your muscles are strong. (Str +4, Int/Dex
                  | -1) [Xom's mischief]
  5058 | D:1      | Gained mutation: You passively dampen the noise of your
                  | surroundings. [Xom's mischief]
  5653 | D:2      | XOM: noise
  5693 | D:2      | Found a faded altar of an unknown god.
  5699 | D:2      | Reached skill level 1 in Stealth
  5957 | D:2      | XOM: 5-stop teleportation journey
  5986 | D:2      | XOM: 8-stop teleportation journey
  6310 | D:2      | Reached XP level 4. HP: 25/31 MP: 4/4
  6571 | D:3      | a rat changed into a shapeshifter
  6571 | D:3      | Noticed a shapeshifter (shapeshifter)
  6571 | D:3      | a shapeshifter changed into a yaktaur
  6571 | D:3      | Noticed a yaktaur (shapeshifter)
  6576 | D:3      | Lost mutation: You expend magic power (3 MP) to strengthen
                  | your wands. [potion of mutation]
  6576 | D:3      | Lost mutation: A frigid envelope surrounds you and freezes
                  | all who hurt you. [potion of mutation]
  6576 | D:3      | Lost mutation: Your mind is acute. (Int +4, Str/Dex -1)
                  | [potion of mutation]
  6576 | D:3      | Gained mutation: One of your tentacles bears a spike.
                  | [potion of mutation]
  6576 | D:3      | Gained mutation: You occasionally lose the ability to drink
                  | potions when taking damage. [potion of mutation]
  6576 | D:3      | Gained mutation: You are partially covered in iridescent
                  | scales. (AC +2) [potion of mutation]
  6576 | D:3      | Gained mutation: Your mind is acute. (Int +4, Str/Dex -1)
                  | [potion of mutation]
  6576 | D:3      | XOM: cast spell 'Summon Small Mammal'
  6577 | D:3      | a yaktaur changed into a moth of wrath
  6577 | D:3      | Noticed a moth of wrath (shapeshifter)
  6578 | D:3      | Slain by a moth of wrath (shapeshifter)

Illustrated notes

Levels and vault maps discovered:
D:1:      nicolae_arrival_washed_ashore, layout_basic,
          amcnicky_mini_corridor_feature, serial_bayou_lagoon_b
D:2:      layout_basic, chequers_ecumenical_altar_simple, kennysheep_path_1
D:3:      layout_rooms

Skill      XL: |  1  2  3 |
---------------+----------+-----
Stealth        | 2 |  2.9
Fighting       | |  3.4
Short Blades   | |  3.8
Dodging        | |  2.6

Action                     |  1- 3 |  4- 6 || total
---------------------------+-------+-------++-------
  Melee: Short sword       |    48 |    13 ||    61
         Constrict         |    11 |     2 ||    13
         Tentacles         |     7 |     1 ||     8
    Use: Potion            |       |     2 ||     2
   Stab: Sleeping          |    12 |     2 ||    14
         Confused          |     1 |       ||     1
 Armour: Skin              |    13 |     4 ||    17
  Dodge: Dodged            |    14 |     5 ||    19
  Block: Kite shield       |     7 |     7 ||    14

Table legend: (Time is in decaauts)
 A = Elapsed time spent in this place.
 B = Non-inter-level travel time spent in this place.
 C = Inter-level travel time spent in this place.
 D = Time resting spent in this place.
 E = Time spent auto-exploring this place.
 F = Levels seen in this place.
 G = Mean time per level.
                   A        B        C        D        E       F      G
               +--------+--------+--------+--------+--------+-----+--------+
         Total |   6578 |   6507 |     71 |   4828 |   1444 |   3 | 2192.7 |
       Dungeon |   6578 |   6507 |     71 |   4828 |   1444 |   3 | 2192.7 |
               +--------+--------+--------+--------+--------+-----+--------+

Top non-repeatable levels by time:
     D:1: 5624 daAuts
     D:2: 905 daAuts
     D:3: 49 daAuts
